 Dungeon Crawl Stone Soup version 0.29.1-15-g9cfb28693d (webtiles) character file.

Game seed: 11330456485413376365

29 gugbubby the Ruffian (level 3, -6/36 HPs)
             Began as a Troll Berserker on Apr 6, 2023.
             Was a Follower of Trog.
             Mangled by a gnoll
             ... wielding a +0 halberd
              (8 damage)
             ... on level 2 of the Dungeon.
             The game lasted 00:02:09 (682 turns).

gugbubby the Ruffian (Troll Berserker)               Turns: 682, Time: 00:02:09

Health: -6/36      AC:  4    Str: 27    XL:     3   Next: 1%
Magic:  2/2        EV: 10    Int:  3    God:    Trog [*.....]
Gold:   38         SH:  0    Dex:  9    Spells: 2/2 levels left

rFire   . . .      SeeInvis .     - Unarmed
rCold   . . .      Faith    .   (no shield)
rNeg    . . .      Spirit   .   a - +0 animal skin
rPois   .          Reflect  .   (helmet restricted)
rElec   .          Harm     .   (no cloak)
rCorr   .          Rampage  .   (gloves unavailable)
Will    .....                   (boots unavailable)
Stlth   +.........              (no amulet)
HPRegen 0.92/turn               (no ring)
MPRegen 0.08/turn               (no ring)

@: no status effects
A: large, unfitting armour, claws 3, regeneration 1, shaggy fur 1, tough skin 1
a: Renounce Religion, Berserk


You were on level 2 of the Dungeon.
You worshipped Trog.
Trog was aware of your devotion.
You visited 1 branch of the dungeon, and saw 2 of its levels.

You collected 38 gold pieces.

Inventory:

Armour
 a - a +0 animal skin (worn)
Scrolls
 c - a scroll of teleportation {unknown}
 e - a scroll of torment {unknown}
Potions
 b - a potion of invisibility {unknown}
 d - a potion of haste {unknown}


   Skills:
 + Level 2.8 Fighting
 + Level 2.8 Dodging
 + Level 3.4 Unarmed Combat


You had 2 spell levels left.
You didn't know any spells.
Your spell library was empty.

Dungeon Overview and Level Annotations

Branches:
Dungeon (2/15)

Altars:


Innate Abilities, Weirdness & Mutations

You are too large for most types of armour.
You have claws for hands.
Your natural rate of healing is unusually fast.
You are covered in fur. (AC +1)
You have tough skin. (AC +1)


Message History

You claw the gnoll!
You kill the gnoll!
Trog accepts your kill. The adder bites you. x2
You see here a +0 spear of distortion.
You claw the adder!
The adder is almost dead.
The adder bites you but does no damage.
You miss the adder.
The adder is almost dead.
The adder closely misses you. The adder barely misses you.
Unknown command.
You closely miss the adder.
The adder is almost dead.
The adder barely misses you.
You scratch the adder.
You kill the adder!
Trog accepts your kill. The bat hits you but does no damage.
You have reached level 3!
Your experience leads to an increase in your attributes!
Increase (S)trength, (I)ntelligence, or (D)exterity?
You feel stronger. x3
Unknown command.
You miss the bat. Your claw misses the bat.
The bat hits you but does no damage. x2
The gnoll hits you from afar with a +0 halberd!
You miss the bat. The bat hits you. The gnoll misses you.
Unknown command.
You miss the bat. The bat barely misses you. The bat hits you.
The gnoll hits you from afar with a +0 halberd.
You closely miss the bat. The bat barely misses you. The bat misses you.
The gnoll hits you from afar with a +0 halberd!
* * * LOW HITPOINT WARNING * * *
Unknown command.
You scratch the bat.
You kill the bat!
Trog accepts your kill.
The gnoll hits you from afar with a +0 halberd!
You die...

.... .....
....g#
.....K###
....g..g#
......#g#
..... #g#
.... #)# ...
#@# .. #.# .
#.# #.# #.#
#.###########
#...........#
###########.#
#.......#


You could see 2 gnolls and a goblin.

Vanquished Creatures
  A gnoll (D:2)
  An adder (D:2)
  2 bats
  4 endoplasms (D:1)
  A hobgoblin (D:1)
  A ball python (D:1)
  2 kobolds (D:1)
12 creatures vanquished.

Notes
Turn   | Place    | Note
-------+----------+-------------------------------------------
     0 | D:1      | gugbubby the Troll Berserker began the quest for the Orb.
     0 | D:1      | Reached XP level 1. HP: 22/22 MP: 0/0
   476 | D:1      | Reached XP level 2. HP: 24/29 MP: 1/1
   678 | D:2      | Reached XP level 3. HP: 32/36 MP: 2/2
   681 | D:2      | HP: 1/36 [gnoll/+0 halberd (15)]
   682 | D:2      | Mangled by a gnoll

Illustrated notes

Levels and vault maps discovered:
D:1:      dpeg_arrival_snail, layout_loops_ring
D:2:      layout_basic, uniq_terence

Action                   || total
-------------------------++-------
Melee: Unarmed           ||    26
       Punch             ||     1
Armor: Animal skin       ||    15
Dodge: Dodged            ||    14
